 Dungeon Crawl Stone Soup version 0.23-a0-49-gd9f7a49 (webtiles) character file.

380 tilp the Chiller (level 6, 0/44 HPs)
             Began as a Merfolk Ice Elementalist on Aug 6, 2018.
             Was an Initiate of Makhleb.
             Shot with an arrow by a centaur (13 damage)
             ... on level 5 of the Dungeon.
             The game lasted 00:13:28 (5149 turns).

tilp the Chiller (Merfolk Ice Elementalist)         Turns: 5149, Time: 00:13:29

Health: 0/44       AC:  2    Str: 10    XL:     6   Next: 75%
Magic:  5/9        EV: 13    Int: 17    God:    Makhleb [......]
Gold:   200        SH:  0    Dex: 14    Spells: 3/9 levels left

rFire    . . .     SeeInvis .   C - +2 hand axe (venom)
rCold    . . .     Gourm    +   (no shield)
rNeg     . . .     Faith    .   a - +0 robe
rPois    +         Spirit   .   (no helmet)
rElec    .         Reflect  .   (no cloak)
rCorr    .         Harm     .   (no gloves)
MR       .....                  (no boots)
Stlth    ++........             d - amulet of the gourmand
HPRegen  0.14/turn              k - ring of poison resistance
MPRegen  0.11/turn              h - +2 ring of strength

@: very slightly contaminated, heavily drained
A: change form in water, swift swim, stealthy swim
a: Renounce Religion


You were on level 5 of the Dungeon.
You worshipped Makhleb.
Makhleb was noncommittal.
You were not hungry.

You visited 2 branches of the dungeon, and saw 6 of its levels.

You collected 200 gold pieces.

Inventory:

Hand Weapons
 g - a +0 spear
 C - a +2 hand axe of venom (weapon)
Missiles
 e - 105 stones
 p - 4 javelins (quivered)
 t - 63 sling bullets
Armour
 a - a +0 robe (worn)
 w - a cursed +0 scale mail
Jewellery
 d - an amulet of the gourmand (around neck)
 h - a +2 ring of strength (right hand)
 k - a ring of poison resistance (left hand)
 o - an uncursed amulet of harm
 s - an uncursed ring of positive energy
 z - a +2 ring of evasion
Wands
 u - a wand of iceblast (7)
Scrolls
 f - a scroll of amnesia {unknown}
 i - a scroll of fog
 j - 4 scrolls of identify
 m - a scroll of teleportation {unknown}
 n - 2 scrolls of remove curse
 r - a scroll of immolation {unknown}
 v - a scroll of blinking {unknown}
 y - a scroll of magic mapping {unknown}
 A - a scroll of fear {unknown}
Potions
 b - 6 potions of heal wounds
 q - a potion of invisibility {unknown}
Comestibles
 c - 9 rations


   Skills:
 + Level 2.3(1.1) Fighting
 * Level 4.6(3.4) Polearms
 + Level 4.0(2.8) Dodging
 - Level 2.1(1.0) Stealth
 - Level 2.0(0.8) Spellcasting
 - Level 0.7(0.0) Conjurations
 - Level 6.0(4.7) Ice Magic


You had 3 spell levels left.
You knew the following spells:

 Your Spells              Type           Power        Failure   Level  Hunger
a - Freeze                Ice            ###.         3%          1    ##.....
b - Throw Frost           Conj/Ice       #.....       12%         2    ###....
c - Ozocubu's Armour      Chrm/Ice       #.......     24%         3    ####...

Your spell library contained the following spells:

 Spells                   Type           Power        Failure   Level  Hunger
 Summon Ice Beast         Ice/Summ       #.......     63%         4    #####..
 Throw Icicle             Conj/Ice       #.......     63%         4    #####..


Dungeon Overview and Level Annotations

Branches:
Dungeon (5/15)             Temple (1/1) D:4

Altars:
Hepliaklqana
Kikubaaqudgha
Makhleb
Okawaru
Sif Muna
Vehumet
Yredelemnul
The Shining One


Message History

Confirm with . or Enter, or press ? or * to list all spells.
You miscast Ozocubu's Armour.
You are very lightly contaminated with residual magic.
You hear a crackling sound.
Casting: Ozocubu's Armour (safe; 24% risk of failure)
Confirm with . or Enter, or press ? or * to list all spells.
You miscast Ozocubu's Armour.
Nothing appears to happen.
The centaur shoots an arrow.
The arrow misses you.
The centaur shoots an arrow.
The arrow barely misses you.
You see here an arrow.
The centaur shoots an arrow.
The arrow hits you.
You see here an arrow.
The centaur shoots an arrow.
The arrow hits you!
The centaur shoots an arrow.
The arrow barely misses you.
You see here an arrow.
The centaur shoots an arrow.
The arrow hits you!
The centaur shoots an arrow.
The arrow misses you.
You see here 2 arrows.
The centaur shoots an arrow.
The arrow hits you!
You die...

###.#......# ##### #.#.......
.........#.#####...###.#.......
##.#.#..............#.###...##
#......#.###.#..#..#.......#
###.####.###...###.#####...#
#...........## ##.# #...#
##...........###.## #...#
#.....##...#..#..#####...##
#.....##..@................
#.....##..##...............
#.....##..###..............
#........c###.#.######...##
#########.......# #...#
#####c### #...# #########(#
#...# #((c..((.(# ...#
#.#########


You could see a centaur.

Vanquished Creatures
  A bullfrog zombie (D:5)
  A crimson imp (D:5)
  An orc wizard (D:4)
  3 worker ants
  11 adders
  A shadow imp (D:5)
  2 oozes (D:1)
  An adder skeleton (D:4)
  2 worms (D:2)
  10 orcs
  5 giant cockroaches
  6 goblins
  8 hobgoblins
  6 jackals (D:1)
  A quokka (D:4)
  A ball python (D:2)
  8 bats
  4 frilled lizards
  6 kobolds
  11 rats
  A rat zombie (D:2)
90 creatures vanquished.

Notes
Turn   | Place    | Note
-------+----------+-------------------------------------------
     0 | D:1      | tilp the Merfolk Ice Elementalist began the quest for the Orb.
     0 | D:1      | Reached XP level 1. HP: 13/13 MP: 3/3
    24 | D:1      | Found an iron altar of Okawaru.
   113 | D:1      | Reached XP level 2. HP: 13/19 MP: 5/5
   121 | D:1      | Learned a level 2 spell: Throw Frost
   155 | D:1      | Reached skill level 4 in Ice Magic
   481 | D:1      | Reached XP level 3. HP: 15/24 MP: 6/6
   486 | D:1      | Learned a level 3 spell: Ozocubu's Armour
  1517 | D:2      | Reached skill level 5 in Ice Magic
  1775 | D:2      | Reached XP level 4. HP: 27/30 MP: 4/7
  2021 | D:2      | Found an ancient bone altar of Kikubaaqudgha.
  2193 | D:2      | Reached skill level 6 in Ice Magic
  2250 | D:2      | Reached XP level 5. HP: 32/35 MP: 5/8
  2305 | D:3      | Reached skill level 1 in Polearms
  3092 | D:3      | Found a deep blue altar of Sif Muna.
  3092 | D:3      | Found a basalt altar of Yredelemnul.
  3549 | D:4      | Reached skill level 1 in Fighting
  4547 | D:4      | Reached XP level 6. HP: 43/43 MP: 9/9
  4588 | D:4      | Found a staircase to the Ecumenical Temple.
  4594 | Temple   | Entered the Ecumenical Temple
  4672 | Temple   | Became a worshipper of Makhleb the Destroyer
  4779 | D:5      | Entered Level 5 of the Dungeon
  5149 | D:5      | Shot with an arrow by a centaur

Vault maps used:
D:1:      saegor_arrival_simple_d, okawaru_ov_weapons_minmay
D:2:      lemuel_zombie_altar_kikubaaqudgha
D:3:      gammafunk_temple_overflow_wave
D:4:      minmay_temple_entry_enclosed_plants, solitary_fountain
D:5:      first_ration
Temple:   nicolae_temple_figure_eight

Skill      XL: |  1  2  3  4  5  6 |
---------------+-------------------+-----
Ice Magic      | 4 5 6 |  6.0
Polearms       | 3 4 |  4.6
Dodging        | 3 4 |  4.0
Fighting       | 1 2 |  2.3
Stealth        | |  2.1
Spellcasting   | |  2.0
Conjurations   | |  0.7

Action                   |  1- 3 |  4- 6 || total
-------------------------+-------+-------++-------
Melee: Dagger            |    40 |       ||    40
       Short sword       |    83 |   124 ||   207
       Hand axe          |       |    29 ||    29
Throw: Javelin           |       |     3 ||     3
 Cast: Freeze            |    16 |    34 ||    50
       Throw Frost       |     1 |     9 ||    10
       Ozocubu's Armour  |     1 |     5 ||     6
Evoke: Wand              |       |     2 ||     2
  Use: Scroll            |       |     3 ||     3
 Stab: Sleeping          |     4 |     8 ||    12
  Eat: Ration            |     2 |       ||     2
       Chunk             |     1 |    23 ||    24
Armor: Robe              |    22 |    26 ||    48
Dodge: Dodged            |   114 |   120 ||   234

Table legend:
 A = Spawn XP
 B = Non-spawn XP
 C = Spawn XP percentage of total XP
 D = Spawn monster count
 E = Non-spawn monster count
 F = Spawn count percentage of total count
 G = Total turns spent on level
                    A         B        C        D         E        F      G
               +---------+---------+-------+---------+---------+-------+---------
         Total |       0 |     544 |   0.0 |       0 |      90 |   0.0 |  5149
               +---------+---------+-------+---------+---------+-------+---------
           D:1 |       0 |      52 |   0.0 |       0 |      27 |   0.0 |  1128
           D:2 |       0 |     118 |   0.0 |       0 |      27 |   0.0 |  1170
           D:3 |       0 |      39 |   0.0 |       0 |      14 |   0.0 |  1023
           D:4 |       0 |     174 |   0.0 |       0 |      15 |   0.0 |  1364
           D:5 |       0 |     161 |   0.0 |       0 |       7 |   0.0 |   370
               +---------+---------+-------+---------+---------+-------+---------
